 Dungeon Crawl Stone Soup version 0.31.0-7-gf635a9b802 (webtiles) character file.

Game seed: 11032963043782547236

101 Arctor the Shooter (level 5, 0/30 HPs)
             Began as a Kobold Hexslinger on Jan 24, 2024.
             Slain by Crazy Yiuf
             ... wielding a +2 quarterstaff of chaos
              (10 damage)
             ... on level 2 of the Dungeon.
             The game lasted 00:01:15 (1799 turns).

Arctor the Shooter (Kobold Hexslinger)              Turns: 1799, Time: 00:01:16

Health: 0/30       AC:  2    Str:  5    XL:     5   Next: 4%
Magic:  3/8        EV: 16    Int: 14    God:
Gold:   25         SH:  0    Dex: 20    Spells: 3/8 levels left

rFire   . . .        a - +1 sling
rCold   . . .        (no shield)
rNeg    . . .        c - +0 robe
rPois   .            (no helmet)
rElec   .            (no cloak)
rCorr   .            (no gloves)
SInv    .            (no boots)
Will    .....        (no amulet)
Stlth   +++          (no ring)
HPRegen 0.25/turn    (no ring)
MPRegen 0.11/turn

%: no passive effects
@: lethally poisoned (0 -> -17)
A: small, no large weapons, nightstalker 3
a: no special abilities


You were on level 2 of the Dungeon.
You visited 1 branch of the dungeon, and saw 2 of its levels.

You collected 25 gold pieces.

Inventory:

Hand Weapons
 a - a +1 sling (weapon)
Armour
 c - a +0 robe (worn)
Scrolls
 b - 2 scrolls of poison
 d - a scroll of fear {unknown}
 f - a scroll of blinking
 g - a scroll of enchant weapon {unknown}
 h - 2 scrolls of teleportation {unknown}
 j - a scroll of fog {unknown}
 k - a scroll of noise {unknown}
 l - a scroll of identify {unknown}
Potions
 e - a potion of might {unknown}
 i - a potion of berserk rage {unknown}
 m - a potion of attraction {unknown}


   Skills:
 + Level 2.1 Fighting
 + Level 3.4 Ranged Weapons
 + Level 3.2 Dodging
 + Level 2.0 Spellcasting
 + Level 3.4 Hexes
 + Level 2.0 Fire Magic


You had 3 spell levels left.
You knew the following spells:

 Your Spells              Type           Power      Damage    Failure   Level
a - Jinxbite              Hex            20%        N/A       9%          2
b - Sigil of Binding      Hex            10%        N/A       17%         3

Your spell library contained the following spells:

 Spells                   Type           Power      Damage    Failure   Level
 Inner Flame              Hex/Fire       9%         N/A       24%         3
 Cause Fear               Hex            5%         N/A       50%         4
 Dimensional Bullseye     Hex/Tloc       3%         N/A       75%         4


Dungeon Overview and Level Annotations

Branches:
Dungeon (2/15)

Altars:

Annotations:
D:2 Crazy Yiuf


Innate Abilities, Weirdness & Mutations

You are small and have problems with some larger weapons.
You are completely attuned to the shadows.


Message History

You start memorising the spell.
You continue memorising. x2
You finish memorising.
Spell assigned to 'a'.
This spell is quite dangerous to cast!
You start memorising the spell.
You continue memorising. x3
You finish memorising.
Spell assigned to 'b'.
Magic restored.
There is a stone staircase leading down here.
There is a stone staircase leading up here.
There is an open door here.
There is an escape hatch in the floor here.
Could not explore, unopened runed door.
No reachable target in view!
Could not explore, unopened runed door.
No reachable target in view!
No reachable target in view!
You open the door.
Crazy Yiuf shouts!
Cast which spell? (? or * to list)
You miscast Sigil of Binding.
You are very lightly contaminated with residual magic.
Nothing appears to happen.
Casting: Sigil of Binding (quite dangerous; 17% risk of failure)
Confirm with . or Enter, or press ? or * to list all spells.
You don't know that spell.
Casting: Sigil of Binding (quite dangerous; 17% risk of failure)
Confirm with . or Enter, or press ? or * to list all spells.
You inscribe a pair of binding sigils.
Crazy Yiuf attacks as he pursues you!
Crazy Yiuf hits you with a +2 quarterstaff of chaos.
You are poisoned.
You feel sick.
Your magical contamination has completely faded away.
You feel sick.
Crazy Yiuf moves over your binding sigil and is bound in place!
Crazy Yiuf attacks as he pursues you!
Crazy Yiuf hits you with a +2 quarterstaff of chaos!
You are lethally poisoned!
You feel very sick.
Crazy Yiuf hits you with a +2 quarterstaff of chaos!
You die...

######..........................
##########.##############.. #.#
#.. #.# #.. #.# ### #.# # ##.# #
#..#### ## # #.@#..## ###..)
#..g..^####.'...
##......#.g##... # ###...#.###
## # ####### #


You could see Crazy Yiuf (bound).

Vanquished Creatures
  Natasha (twice) (D:2)
  A gnoll (D:1)
  5 ball pythons
  6 bats
  4 endoplasms
  2 giant cockroaches
  4 goblins (D:1)
  6 hobgoblins
  A frilled lizard (D:2)
  5 kobolds (D:1)
  5 rats
41 creatures vanquished.

Notes
Turn   | Place    | Note
-------+----------+-------------------------------------------
     0 | D:1      | Arctor the Kobold Hexslinger began the quest for the Orb.
     0 | D:1      | Reached XP level 1. HP: 12/12 MP: 2/2
    65 | D:1      | Reached XP level 2. HP: 16/16 MP: 3/3
   337 | D:1      | Reached XP level 3. HP: 20/20 MP: 5/5
   356 | D:1      | Found a faded altar of an unknown god.
  1167 | D:2      | Reached XP level 4. HP: 26/26 MP: 6/6
  1238 | D:2      | Noticed Natasha
  1242 | D:2      | Killed Natasha
  1270 | D:2      | Found a runed translucent door.
  1273 | D:2      | Noticed Crazy Yiuf
  1531 | D:2      | Noticed Natasha
  1541 | D:2      | Killed Natasha
  1542 | D:2      | Reached XP level 5. HP: 6/30 MP: 6/8
  1545 | D:2      | Learned a level 2 spell: Jinxbite
  1549 | D:2      | Learned a level 3 spell: Sigil of Binding
  1799 | D:2      | Slain by Crazy Yiuf

Illustrated notes

Levels and vault maps discovered:
D:1:      dpeg_arrival_connections, layout_rooms, shapermc_ecumenical_altar_gd,
          bh_walls_and_bars
D:2:      layout_basic, kennysheep_boxes, uniq_natasha, uniq_crazy_yiuf_cottage

Skill      XL: |  1  2  3  4 |
---------------+-------------+-----
Ranged Weapons | 3 |  3.4
Dodging        | 3 |  3.2
Fighting       | 2 |  2.1
Spellcasting   | 2 |  2.0
Fire Magic     | 2 |  2.0
Hexes          | |  3.4

Action                     |  1- 3 |  4- 6 || total
---------------------------+-------+-------++-------
   Fire: Sling             |   100 |    18 ||   118
   Cast: Sigil of Binding  |       |     1 ||     1
    Use: Scroll            |     2 |       ||     2
 Armour: Robe              |    17 |     8 ||    25
  Dodge: Dodged            |    44 |     5 ||    49
